Map: Port Aleksander LE

Players

Juxtapose

  • Race: Zerg Zerg
  • Spawn Location: 11:00

VOD

https://youtu.be/qZI2Hv6MQcg

Description

I always struggle as Zerg against Terran, and this goes for matches against the AI as well.

Instead of going my usual Roaches and Ravagers into Hydralisks, I decided to try Zerglings and Banelings with Hydralisks. I'm please with the counter attacks and such that I did, but overall I have a lot of improvement that I need to do here.

Time

  • Played on: Dec. 16, 2018, 10:16 a.m.
  • Length: 17:47
Show
View Real Time Build Order
Export as new Build Order

Juxtapose Zerg 

Build Orders:  

Get SALT Encoding   

  12  0:02  Drone  
  13  0:12  Drone  
  14  0:25  Overlord  
  14  0:51  Drone  
  14  0:52  Drone  
  16  1:14  Hatchery  
  16  1:18  Drone  
  16  1:27  Drone  
  16  1:28  Drone  
  18  1:32  Extractor  
  18  1:38  Drone  
  18  1:58  Spawning Pool  
  17  2:09  Overlord  
  17  2:10  Drone  
  18  2:24  Drone  
  19  2:38  Drone  
  20  2:54  Drone  
  21  3:07  Queen  
  21  3:09  Queen  
  25  3:12  Drone x2  
  27  3:24  Drone x2  
  29  3:42  Drone  
  29  3:43  Overlord  
  29  3:44  Drone  
  31  4:04  Drone x2  
  33  4:10  Queen  
  33  4:12  Drone x2  
  37  4:24  Metabolic Boost  
  37  4:29  Zergling x4  
  39  4:52  Baneling Nest  
  39  4:57  Extractor  
  37  5:07  Zergling x4  
  37  5:08  Drone x4  
  43  5:10  Drone  
  43  5:15  Overlord  
  44  5:35  Overlord  
  44  5:37  Lair  
  44  5:40  Queen  
  46  5:51  Drone x2  
  46  5:52  Drone  
  46  5:53  Drone, Zergling x2  
  46  5:54  Zergling x2  
  46  5:56  Overlord  
  52  6:02  Extractor  
  52  6:04  Extractor  
  50  6:23  Drone  
  50  6:24  Drone, Zergling x4  
  54  6:30  Baneling x4  
  54  6:31  Baneling x2  
  54  7:12  Hydralisk Den  
  54  7:17  Evolution Chamber  
  54  7:18  Centrifical Hooks  
  52  7:42  Overseer  
  52  7:45  Overlord x2  
  52  7:56  Hydralisk  
  52  7:58  Overlord x2  
  52  7:59  Zergling x8  
  58  8:00  Zergling x6  
  61  8:18  Drone x3  
  61  8:19  Drone x3  
  67  8:22  Overseer  
  67  8:44  Zerg Melee Weapons Level 1  
  67  8:47  Drone x3  
  67  8:48  Drone  
  71  9:19  Baneling  
  71  9:20  Baneling x4  
  71  9:21  Baneling, Hatchery  
  71  9:23  Hydralisk x2  
  71  9:24  Hydralisk x3  
  80  9:33  Unknown  
  80  9:47  Hydralisk  
  80  9:48  Hydralisk x4  
  73  10:24  Zergling x2  
  73  10:25  Zergling x10  
  79  11:09  Queen  
  81  11:13  Hydralisk x4  
  81  11:14  Hydralisk x3  
  95  11:24  Zerg Missile Weapons Level 1  
  95  11:54  Lurker Den  
  92  12:13  Unknown  
  68  12:28  Zergling x10  
  68  12:29  Zergling x10  
  66  12:30  Zergling x8  
  66  12:31  Zergling x2  
  63  12:48  Queen  
  62  12:50  Queen  
  62  12:56  Baneling x2  
  62  12:57  Baneling x5  
  62  12:58  Baneling x4  
  62  12:59  Baneling  
  55  13:00  Overlord x2  
  55  13:03  Zergling x10  
  55  13:05  Hydralisk  
  62  13:24  Zergling x4  
  60  13:46  Hydralisk x4  
  60  13:47  Hydralisk x2  
  72  14:03  Hatchery  
  71  14:18  Hydralisk x2  
  71  14:19  Hydralisk x2  
  79  14:37  Hydralisk x2  
  79  14:38  Hydralisk  
  80  15:03  Hydralisk x2  
  80  15:04  Zergling x4, Hydralisk x2  
  80  15:05  Zergling x2  
  67  15:38  Baneling x5  
  67  15:39  Baneling  
  67  15:41  Zergling x6  
  67  15:42  Zergling x4  
  72  15:57  Infestation Pit  
  71  16:02  Queen  
  73  16:30  Zergling x8  
  73  16:31  Zergling x10  
  73  16:32  Zergling x4  
  52  17:08  Zergling x6  
  52  17:09  Zergling x12  
  48  17:10  Zergling x8  
  48  17:11  Zergling x2  
Tags
 
Add a new tag
Caveats
  • Supply blocks, unpowered buildings, or Contaminate may cause inaccurate times.
  • Supply counts are checked every 10 seconds.